 Dungeon Crawl Stone Soup version 0.25-a0-578-gc91f01c39c (webtiles) character file.

Game seed: 17308044499957033927, levelgen mode: deterministic

10535 Dustman the Fighter (level 11, -2/95 HPs)
             Began as a Barachi Gladiator on Mar 7, 2020.
             Was a Priest of Makhleb.
             Slain by a troll (8 damage)
             ... on level 2 of the Orcish Mines.
             The game lasted 01:15:46 (6997 turns).

Dustman the Fighter (Barachi Gladiator)             Turns: 6997, Time: 01:15:46

Health: -2/95      AC: 21    Str: 25    XL:     11   Next: 63%
Magic:  14/14      EV: 10    Int: 11    God:    Makhleb [***...]
Gold:   516        SH:  0    Dex: 14    Spells: 10/10 levels left

rFire    . . .     SeeInvis .   y - +0 lajatang
rCold    . . .     Gourm    .   (shield currently unavailable)
rNeg     . . .     Faith    .   F - +3 plate armour {rPois}
rPois    +         Spirit   .   c - +0 helmet
rElec    .         Reflect  .   (no cloak)
rCorr    .         Harm     .   D - +0 pair of gloves
MR       .....                  (no boots)
Stlth    ..........             a - amulet of rage
HPRegen  0.25/turn              n - +4 ring of strength
MPRegen  0.14/turn              m - +5 ring of strength

@: can't hop, slow
A: +LOS, swims, slowness 1, strong legs 1
a: Hop, Minor Destruction, Lesser Servant of Makhleb, Renounce Religion, Evoke
Berserk Rage


You were on level 2 of the Orcish Mines.
You worshipped Makhleb.
Makhleb was most pleased with you.
You were not hungry.

You visited 2 branches of the dungeon, and saw 14 of its levels.
You also visited: Sewer.

You collected 572 gold pieces.
You spent 56 gold pieces at shops.

Inventory:

Hand Weapons
 y - a +0 lajatang (weapon)
Missiles
 d - 3 throwing nets (quivered)
 p - 2 atropa-tipped darts
 w - 2 boomerangs of dispersal
 A - 4 curare-tipped darts
Armour
 c - a +0 helmet (worn)
 D - a +0 pair of gloves (worn)
 F - a +3 plate armour of poison resistance (worn)
Jewellery
 a - an amulet of rage (around neck)
 m - a +5 ring of strength (right hand)
 n - a +4 ring of strength (left hand)
 u - an uncursed ring of poison resistance {unknown}
Wands
 G - a wand of iceblast (9)
 H - a wand of acid (9)
Scrolls
 b - 5 scrolls of remove curse
 e - 5 scrolls of identify
 g - a scroll of blinking
 i - 3 scrolls of teleportation
 k - a scroll of random uselessness {unknown}
 l - 2 scrolls of enchant armour {unknown}
 o - 2 scrolls of enchant weapon {unknown}
 t - 2 scrolls of immolation {unknown}
 v - 2 scrolls of magic mapping
 x - 2 scrolls of fog
 C - a scroll of fear {unknown}
Potions
 h - 2 potions of magic
 j - 2 potions of stabbing
 q - a potion of mutation
 r - 2 potions of curing
 s - 2 potions of brilliance
 B - a potion of cancellation
 E - a potion of degeneration {unknown}
Comestibles
 f - 14 rations
 I - a chunk of flesh


   Skills:
 + Level 11.9 Fighting
 + Level 11.2 Staves
 - Level 2.0 Throwing
 + Level 11.7 Armour
 + Level 4.3 Dodging
 - Level 4.0 Invocations


You had 10 spell levels left.
You didn't know any spells.
Your spell library contained the following spells:

 Spells                   Type           Power        Failure   Level  Hunger
 Beastly Appendage        Tmut           #.....       97%         1    ##.....
 Freeze                   Ice            #...         97%         1    ##.....
 Infusion                 Chrm           #...         97%         1    ##.....
 Magic Dart               Conj           #...         97%         1    ##.....
 Searing Ray              Conj           #.....       99%         2    ###....
 Shroud of Golubria       Chrm/Tloc      #.....       99%         2    ###....
 Song of Slaying          Chrm           #.......     99%         2    ###....
 Sticks to Snakes         Tmut           #.......     99%         2    ###....
 Dazzling Flash           Conj/Hex       #.....       100%        3    ####...
 Frozen Ramparts          Ice            #.....       100%        3    ####...
 Ozocubu's Armour         Chrm/Ice       #.......     100%        3    ####...
 Spectral Weapon          Hex/Chrm       #.......     100%        3    ####...
 Spider Form              Tmut/Pois      #.........   100%        3    ####...
 Fulminant Prism          Conj/Hex       #.........   100%        4    #####..
 Hailstorm                Conj/Ice       #.......     100%        4    #####..
 Ice Form                 Ice/Tmut       #.......     100%        4    #####..
 Iskenderun's Mystic Bla  Conj/Tloc      #.......     100%        4    #####..
 Summon Ice Beast         Ice/Summ       #.......     100%        4    #####..
 Blade Hands              Tmut           #.........   100%        5    ######.


Dungeon Overview and Level Annotations

Branches:
Dungeon (12/15)              Lair (0/6) D:8             Orc (2/2) D:12
  Sewer (visited)
 Temple: D:4-7          Elf: Orc:2

Altars:
Ashenzari
Cheibriados
Dithmenos
Elyvilon
Gozag
Makhleb
Nemelex Xobeh
Ru
Trog
Uskayaw
Wu Jian
Zin
The Shining One

Shops:
D:5 ?   D:6 (   Orc:2 :

Annotations:
D:6 Maggie


Innate Abilities, Weirdness & Mutations

You can be seen from farther away. (+LOS)
You can swim through water.
You cover ground slowly.
You can hop short distances.


Message History

A deep troll comes into view.
The deep troll shouts!
An ogre comes into view. It is wielding a +0 giant club.
The ogre shouts!
An ogre mage comes into view.
The ogre mage shouts!
An ogre comes into view. It is wielding a +0 giant club.
The ogre shouts!
An ogre comes into view. It is wielding a -2 giant club.
The ogre shouts!
An ogre comes into view. It is wielding a +0 giant spiked club.
The ogre shouts!
An ogre comes into view. It is wielding a +0 giant spiked club.
The ogre shouts!
The deep troll bites you!
* * * LOW HITPOINT WARNING * * *
The deep troll barely misses you. The deep troll claws you!
* * * LOW HITPOINT WARNING * * *
The troll bites you!
You die...

....###
##.....O.#
......#
#..OOT...##
.....#
#...OO..O.#
...<.#
#.OTOO..∩.#
.....#
#.T.......#
....#
#..O.....
.##
##....T.C##
.#
##....O....#
##
#..O...§@T.#
.#
#..O.O..T..#
.#
#.OOO......#
##
#.OOO..#..##
###
#.....#####
..# ##...#
..# #### ..#
..#####


You could see 8 two-headed ogres, 2 ogre magi, 2 deep trolls, a cyclops, 4
trolls and 10 ogres.

Vanquished Creatures
  3 two-headed ogres
  An unseen horror (D:12)
  Pikel (D:8)
  An orc knight (Orc:2)
  A hornet (D:10)
  A hippogriff (D:11)
  A spriggan (D:7)
  A wyvern (D:11)
  A steam dragon (D:12)
  Edmund (D:5)
  3 water moccasins
  4 orc warriors
  An ice beast (D:9)
  A necrophage (D:9)
  3 ogres
  2 phantoms
  2 centaurs
  2 crocodiles
  7 big kobolds (Sewer)
  4 bullfrogs
  A gnoll sergeant (Orc:1)
  4 scorpions
  A water moccasin skeleton (D:7)
  12 killer bees
  4 wights (D:11)
  8 howler monkeys
  A centaur zombie (D:6)
  2 crimson imps
  2 quasits
  2 bullfrog zombies (D:10)
  5 hounds
  2 orc priests
  2 jellies
  A centaur skeleton (D:5)
  A gnoll shaman (D:7)
  12 orc wizards
  3 iguanas
  8 worker ants
  Terence (D:3)
  2 hound zombies
  A hound skeleton (D:6)
  A mummy (D:7)
  2 worker ant zombies
  A howler monkey skeleton (D:8)
  11 adders
  15 gnolls
  A river rat (Sewer)
  3 shadow imps
  3 oozes (Sewer)
  2 adder skeletons
  4 worms
  3 dart slugs
  3 leopard geckos
  25 orcs
  8 giant cockroaches
  10 goblins
  6 hobgoblins
  5 jackals
  5 quokkas
  7 ball pythons
  A ball python zombie (D:5)
  13 bats
  2 frilled lizards (D:1)
  2 hobgoblin zombies (D:7)
  A jackal skeleton (D:6)
  11 kobolds
  A leopard gecko skeleton (D:4)
  A quokka skeleton (D:8)
  16 rats
279 creatures vanquished.

Vanquished Creatures (collateral kills)
  Rupert (Orc:2)
  An ogre (Orc:1)
  2 orc warriors (Orc:2)
  An orc priest (Orc:2)
  5 gnolls (Orc:1)
  7 orcs (Orc:2)
17 creatures vanquished.

Vanquished Creatures (others)
  A worker ant (D:6)
  3 orcs
  A jackal (D:6)
5 creatures vanquished.

Grand Total: 301 creatures vanquished

Notes
Turn   | Place    | Note
-------+----------+-------------------------------------------
     0 | D:1      | Dustman the Barachi Gladiator began the quest for the Orb.
     0 | D:1      | Reached XP level 1. HP: 17/17 MP: 1/1
   152 | D:1      | Reached XP level 2. HP: 17/23 MP: 2/2
   172 | D:1      | Reached skill level 1 in Armour
   339 | D:1      | Reached XP level 3. HP: 27/29 MP: 3/3
   587 | D:2      | Reached XP level 4. HP: 23/35 MP: 4/4
   717 | D:2      | Found a snail-covered altar of Cheibriados.
   811 | D:3      | Found a shadowy altar of Dithmenos.
   877 | D:3      | Noticed Terence
  1213 | D:3      | Reached XP level 5. HP: 21/42 MP: 5/5
  1392 | D:3      | Killed Terence
  1526 | D:3      | Found a shattered altar of Ashenzari.
  1526 | D:3      | Found a sparkling altar of Nemelex Xobeh.
  1527 | D:3      | Found a bloodstained altar of Trog.
  1585 | D:3      | Reached skill level 5 in Staves
  1585 | D:3      | Reached XP level 6. HP: 42/49 MP: 6/6
  1796 | D:4      | Found a shattered altar of Ashenzari.
  1895 | D:5      | Entered Level 5 of the Dungeon
  1910 | D:5      | Reached skill level 5 in Fighting
  2016 | D:5      | Reached XP level 7. HP: 34/56 MP: 7/7
  2046 | D:5      | Found a glowing drain.
  2072 | D:5      | Reached skill level 5 in Armour
  2121 | Sewer    | Entered a sewer
  2372 | Sewer    | Reached XP level 8. HP: 53/65 MP: 8/8
  2786 | D:6      | Noticed Maggie
  2867 | D:5      | Noticed Edmund
  2893 | D:5      | Killed Edmund
  2957 | D:5      | Found a white marble altar of Elyvilon.
  2997 | D:5      | Found a burning altar of Makhleb.
  2997 | D:5      | Noticed a blizzard demon
  3000 | D:5      | Noticed a smoke demon
  3000 | D:5      | Noticed an orange demon
  3002 | D:5      | Became a worshipper of Makhleb the Destroyer
  3124 | D:6      | Found Zapukkix's Weapon Emporium.
  3187 | D:6      | Reached skill level 1 in Invocations
  3283 | D:5      | Found Vaf Giuts's Magic Scroll Boutique.
  3299 | D:5      | Bought 2 scrolls of fog for 56 gold pieces
  3315 | D:4      | Reached XP level 9. HP: 74/74 MP: 8/10
  3531 | D:7      | Reached * piety under Makhleb
  3606 | D:7      | Found an ornate altar of the Wu Jian Council.
  3668 | D:8      | Found a glowing golden altar of the Shining One.
  3704 | D:8      | Found a hide-covered altar of Uskayaw.
  4032 | D:8      | Found a staircase to the Lair.
  4607 | D:8      | Noticed Pikel
  4630 | D:8      | Killed Pikel
  4630 | D:8      | Reached XP level 10. HP: 83/83 MP: 12/12
  4765 | D:9      | Reached ** piety under Makhleb
  4796 | D:9      | Found a sacrificial altar of Ru.
  4840 | D:9      | Found an opulent altar of Gozag.
  4941 | D:10     | Entered Level 10 of the Dungeon
  5089 | D:10     | Noticed a two-headed ogre
  5216 | D:11     | Reached skill level 10 in Fighting
  5430 | D:10     | Killed a two-headed ogre
  5430 | D:10     | Reached skill level 10 in Armour
  5616 | D:10     | Reached skill level 10 in Staves
  5751 | D:9      | Found a glowing silver altar of Zin.
  5791 | D:9      | Reached *** piety under Makhleb
  6453 | D:11     | Reached XP level 11. HP: 93/93 MP: 14/14
  6524 | D:12     | Killed an unseen horror
  6639 | D:12     | Noticed a two-headed ogre
  6646 | D:12     | Killed a two-headed ogre
  6652 | D:12     | Noticed a two-headed ogre
  6657 | D:12     | Killed a two-headed ogre
  6736 | D:12     | Found a staircase to the Orcish Mines.
  6743 | Orc:1    | Entered Level 1 of the Orcish Mines
  6868 | Orc:2    | Entered Level 2 of the Orcish Mines
  6914 | Orc:2    | Noticed an orc knight
  6931 | Orc:2    | Killed an orc knight
  6931 | Orc:2    | Noticed Rupert
  6942 | Orc:2    | Killed Rupert
  6985 | Orc:2    | Noticed an orc warlord
  6997 | Orc:2    | Found Okhluiv's Antique Weapon Shoppe.
  6997 | Orc:2    | Found Dijad's Book Boutique.
  6997 | Orc:2    | Noticed a two-headed ogre
  6997 | Orc:2    | Noticed a two-headed ogre
  6997 | Orc:2    | Noticed a two-headed ogre
  6997 | Orc:2    | Noticed a two-headed ogre
  6997 | Orc:2    | Noticed a two-headed ogre
  6997 | Orc:2    | Noticed a two-headed ogre
  6997 | Orc:2    | Noticed a deep troll
  6997 | Orc:2    | Noticed a two-headed ogre
  6997 | Orc:2    | Noticed a cyclops
  6997 | Orc:2    | Noticed a two-headed ogre
  6997 | Orc:2    | Noticed a deep troll
  6997 | Orc:2    | Noticed an ogre mage
  6997 | Orc:2    | Slain by a troll

Levels and vault maps discovered:
D:1:      sevenhm_arrival_forest_fort_large_2, layout_basic,
          minmay_misc_feat_diagonals
D:2:      layout_loops_ring, lemuel_doored_altar, first_ration
D:3:      layout_basic, nicolae_dithmenos_through_a_glass_darkly,
          gammafunk_temple_overflow_claw, cheibrodos_gnoll_hut, uniq_terence
D:4:      layout_cave_pods, evilmike_ruin_ashenzari
D:5:      layout_loops_cross, makhleb_altar_promises_db, elyvilon_altar_5,
          portal_sewer_entry_c, serial_shops, shop, uniq_edmund
D:6:      layout_cave_pools, minmay_temple_entry_glass, serial_shops,
          kennysheep_mini, lemuel_old_faithful, uniq_maggie
D:7:      layout_basic, kennysheep_mini_moat, nicolae_ossuary_entry_giza,
          the_bakery
D:8:      layout_gridville, lemuel_coloured_pillars_altar, old_standard_altar,
          lair_entry_dummy, uniq_pikel
D:9:      layout_roguey, old_standard_altar, grunt_gozag_statues,
          kennysheep_little_box
D:10:     layout_stronghold
D:11:     layout_small_grid, kennysheep_kite_vault
D:12:     layout_gridville, orc_0_dummy, uniq_kirke
Orc:1:    layout_caves, basic_altar, rock_pile
Orc:2:    st_orc_open, layout_diamond_mine, basic_altar, uniq_rupert

Skill      XL: |  1  2  3  4  5  6  7  8  9 10 11 |
---------------+----------------------------------+-----
Armour         | 1 2 3 4 5 7 8 10 11 | 11.7
Fighting       | 3 4 5 6 7 9 11 | 11.9
Staves         | 4 5 6 7 8 10 11 | 11.2
Invocations    | 1 3 4 |  4.0
Dodging        | 4 |  4.3
Throwing       | |  2.0

Action                   |  1- 3 |  4- 6 |  7- 9 | 10-12 || total
-------------------------+-------+-------+-------+-------++-------
Melee: Quarterstaff      |   121 |   217 |   268 |       ||   606
       Lajatang          |       |       |   197 |   427 ||   624
Throw: Throwing net      |       |     1 |       |     1 ||     2
Invok: Lesser Servant of |       |       |       |     7 ||     7
 Abil: Hop               |       |     1 |       |     2 ||     3
       Evoke Berserk Rag |       |       |       |     1 ||     1
Evoke: Wand              |       |       |     1 |       ||     1
  Use: Potion            |       |     3 |     4 |     5 ||    12
       Scroll            |       |       |     4 |     9 ||    13
 Stab: Held in net/web   |       |     3 |       |       ||     3
  Eat: Chunk             |       |     5 |     7 |     7 ||    19
       Ration            |       |       |     1 |     1 ||     2
Armor: Leather armour    |    37 |       |       |       ||    37
       Scale mail        |    17 |    62 |       |       ||    79
       Skin              |       |     1 |       |       ||     1
       Chain mail        |       |    44 |   180 |       ||   224
       Plate armour      |       |       |   138 |   362 ||   500
Dodge: Dodged            |   101 |   161 |   227 |   277 ||   766

Table legend:
 A = Non-vault XP
 B = Vault XP
 C = Vault XP percentage of total XP
 D = Non-vault monster count
 E = Vault monster count
 F = Vault count percentage of total count
                 A         B        C        D         E       F
            +---------+---------+-------+---------+---------+-------
      Total |   11664 |    3386 |  22.5 |     250 |      46 |  15.5
            +---------+---------+-------+---------+---------+-------
        D:1 |      42 |       0 |   0.0 |      30 |       0 |   0.0
        D:2 |      66 |       0 |   0.0 |      16 |       0 |   0.0
        D:3 |     132 |     130 |  49.6 |      27 |       4 |  12.9
        D:4 |     190 |       0 |   0.0 |       9 |       0 |   0.0
        D:5 |     611 |     185 |  23.2 |      16 |       8 |  33.3
        D:6 |     344 |       0 |   0.0 |      14 |       0 |   0.0
        D:7 |     640 |     244 |  27.6 |      17 |       4 |  19.0
        D:8 |     767 |     641 |  45.5 |      18 |       1 |   5.3
        D:9 |    1417 |       0 |   0.0 |      32 |       0 |   0.0
       D:10 |    2044 |       0 |   0.0 |      17 |       0 |   0.0
       D:11 |    1027 |       0 |   0.0 |      13 |       0 |   0.0
       D:12 |    3020 |       0 |   0.0 |      13 |       0 |   0.0
      Orc:1 |     193 |       0 |   0.0 |       7 |       0 |   0.0
      Orc:2 |    1171 |    1396 |  54.4 |      21 |       1 |   4.5
      Sewer |       0 |     790 | 100.0 |       0 |      28 | 100.0
            +---------+---------+-------+---------+---------+-------
